 Dungeon Crawl Stone Soup version 0.30-a0-377-g5cb311bc9f (webtiles) character file.

Game seed: 11498403805673787701

8 Shayle the Conjurer (level 2, 19/22 HPs)
             Began as a Demonspawn Reaver on Nov 30, 2022.
             Quit the game on level 1 of the Dungeon.
             The game lasted 00:01:19 (336 turns).

Shayle the Conjurer (Demonspawn Reaver)              Turns: 336, Time: 00:01:20

Health: 19/22      AC:  3    Str: 12    XL:     2   Next: 0%
Magic:  5/5        EV: 11    Int: 14    God:
Gold:   27         SH:  3    Dex: 11    Spells: 4/5 levels left

rFire   . . .      SeeInvis .    a - +0 hand axe
rCold   . . .      Faith    .    f - +0 buckler
rNeg    . . .      Spirit   .    b - +0 leather armour
rPois   .          Reflect  .    (helmet restricted)
rElec   .          Harm     .    (no cloak)
rCorr   .          Rampage  .    (no gloves)
Will    .....                    (no boots)
Stlth   +.........               (no amulet)
HPRegen 0.23/turn                (no ring)
MPRegen 0.09/turn                (no ring)

@: no status effects
A: horns 1
a: no special abilities


You were on level 1 of the Dungeon.
You visited 1 branch of the dungeon, and saw 1 of its levels.

You collected 27 gold pieces.

Inventory:

Hand Weapons
 a - a +0 hand axe (weapon)
Armour
 b - a +0 leather armour (worn)
 f - a +0 buckler (worn)
Scrolls
 d - a scroll of identify {unknown}
 e - a scroll of vulnerability {unknown}
Potions
 c - a potion of curing {unknown}


   Skills:
 + Level 2.2 Fighting
 - Level 2.6 Axes
 + Level 0.6 Armour
 - Level 1.7 Dodging
 + Level 0.8 Stealth
 - Level 2.0 Spellcasting
 - Level 3.0 Conjurations


You had 4 spell levels left.
You knew the following spells:

 Your Spells              Type           Power      Damage    Failure   Level
a - Kiss of Death         Conj/Necr      20%        2d7       22%         1

Your spell library contained the following spells:

 Spells                   Type           Power      Damage    Failure   Level
 Momentum Strike          Conj/Tloc      10%        3d8       34%         2
 Hailstorm                Conj/Ice       5%         3d4       56%         3


Dungeon Overview and Level Annotations

Branches:
Dungeon (1/15)

Altars:

Shops:
D:1 :(!


Innate Abilities, Weirdness & Mutations

You have a pair of small horns on your head.


Message History

You see here a scroll labelled SIMUCO UQEVERI.
d - a scroll labelled SIMUCO UQEVERI The ball python hisses angrily.
You hit the ball python.
The ball python is heavily wounded.
The ball python bites you. The ball python grabs you.
The ball python constricts you. The ball python closely misses you.
The ball python constricts you.
You hit the ball python.
You kill the ball python!
You see here a ball python corpse.
e - a scroll labelled ZENONO XORAIHINT You see here a +0 ring mail.
Found a faded altar of an unknown god.
Found a buckler.
Found a stone staircase leading down.
You see here a +0 buckler.
You start putting on your armour.
You continue putting on your +0 buckler. x4
You finish putting on your +0 buckler.
You open the door.
There is an open door here.
A frilled lizard comes into view.
The frilled lizard hisses angrily.
You hear a shout!
A goblin comes into view. It is wielding a +0 dagger.
The frilled lizard barely misses you.
A quokka comes into view.
You hit the frilled lizard but do no damage.
You barely miss the goblin. The frilled lizard bites you.
The goblin hits you with a +0 dagger.
The frilled lizard bites you but does no damage.
You block the goblin's attack.
You hit the frilled lizard.
You kill the frilled lizard!
You miss the goblin. The goblin hits you with a +0 dagger.
You have reached level 2!
Your demonic ancestry asserts itself...
A pair of horns grows on your head!
Unknown command.
Are you sure you want to abandon this character and quit the game? (Confirm with "yes".)

..# ## ..# #... ..# ###
###...# ..# ..# .......
..# # #.# .......
..#######.###.# .......
..(....# .....# .......
.......# ###..###.......
.......###......@†..r...
........#....####g......
..........#### .......
.......#..# .......
.......'.># .......
.......#### .......
....#### ....... ......#
....... ......##


You could see a quokka and a goblin.

Vanquished Creatures
  A hobgoblin (D:1)
  2 ball pythons (D:1)
  A bat (D:1)
  2 frilled lizards (D:1)
  4 rats (D:1)
10 creatures vanquished.

Notes
Turn   | Place    | Note
-------+----------+-------------------------------------------
     0 | D:1      | Shayle the Demonspawn Reaver began the quest for the Orb.
     0 | D:1      | Reached XP level 1. HP: 16/16 MP: 3/3
     7 | D:1      | Found Qissoutu's Distillery.
   142 | D:1      | Found Seuniu's Book Shop.
   275 | D:1      | Found a faded altar of an unknown god.
   336 | D:1      | Gained mutation: You have a pair of small horns on your
                  | head. [demonic ancestry]
   336 | D:1      | Reached XP level 2. HP: 19/22 MP: 5/5
   336 | D:1      | Quit the game

Illustrated notes

Levels and vault maps discovered:
D:1:      scummos_arrival_simple_fountains, layout_basic, serial_shops, shop,
          shop, shop, nicolae_shop_overgrown_old_shop, shop,
          dreamdust_ecumenical_altar_statues, minmay_misc_feat_chi

Action                   || total
-------------------------++-------
Melee: Hand axe          ||    25
Armor: Leather armour    ||     6
Dodge: Dodged            ||    13
Block: Buckler           ||     1

Table legend: (Time is in decaauts)
 A = Elapsed time spent in this place.
 B = Non-inter-level travel time spent in this place.
 C = Inter-level travel time spent in this place.
 D = Time resting spent in this place.
 E = Time spent auto-exploring this place.
 F = Levels seen in this place.
 G = Mean time per level.
                   A        B        C        D        E       F      G
               +--------+--------+--------+--------+--------+-----+--------+
         Total |    340 |    340 |      0 |      0 |    213 |   1 |  340.0 |
       Dungeon |    340 |    340 |      0 |      0 |    213 |   1 |  340.0 |
               +--------+--------+--------+--------+--------+-----+--------+

Top non-repeatable levels by time:
     D:1: 340 daAuts
